 Dungeon Crawl Stone Soup version 0.30.1 (webtiles) character file.

Game seed: 15089340737997236120

92 hawla the Firebug (level 5, 0/38 HPs)
             Began as a Meteoran Fire Elementalist on July 9, 2023.
             Slain by an ufetubus (3 damage)
             ... on level 4 of the Dungeon.
             The game lasted 00:04:45 (320 turns).

hawla the Firebug (Meteoran Fire Elementalist)       Turns: 320, Time: 00:04:45

Health: 0/38       AC:  3    Str:  9    XL:     5   Next: 14%
Magic:  2/10       EV: 13    Int: 18    God:
Gold:   42         SH:  0    Dex: 17    Spells: 8/11 levels left

rFire   . . .        i - +0 flail
rCold   . . .        (no shield)
rNeg    . . .        a - +1 robe
rPois   .            (helmet restricted)
rElec   .            (no cloak)
rCorr   .            (no gloves)
SInv    .            (no boots)
Will    .....        (no amulet)
Stlth   +            (no ring)
HPRegen 0.26/turn    (no ring)
MPRegen 0.12/turn

%: no passive effects
@: glowing
A: sense surroundings 1, otherworldly, glowing, explore regen, antennae 1, thin
skeletal structure 1, low MP 1
a: no special abilities


You were on level 4 of the Dungeon.
You visited 1 branch of the dungeon, and saw 5 of its levels.

You collected 42 gold pieces.

Inventory:

Hand Weapons
 i - a +0 flail (weapon)
Armour
 a - a +1 robe (worn)
Jewellery
 g - a ring of ice
Wands
 h - a wand of polymorph (8)
Potions
 b - a potion of haste


   Skills:
 + Level 0.3 Fighting
 + Level 2.8 Dodging
 - Level 1.4 Stealth
 + Level 3.6 Spellcasting
 + Level 1.8 Conjurations
 + Level 5.3 Fire Magic


You had 8 spell levels left.
You knew the following spells:

 Your Spells              Type           Power      Damage    Failure   Level
a - Foxfire               Conj/Fire      64%        2x1d7     3%          1
b - Scorch                Fire           44%        2d6       2%          2

Your spell library contained the following spells:

 Spells                   Type           Power      Damage    Failure   Level
 Necrotise                Necr           12%        1d4       16%         1
 Inner Flame              Hex/Fire       12%        N/A       16%         3
 Volatile Blastmotes      Fire/Tloc      24%        2d12      16%         3
 Flame Wave               Conj/Fire      16%        2d7       34%         4
 Vampiric Draining        Necr           3%         2d6       43%         3
 Vhi's Electric Charge    Tloc/Air       6%         N/A       43%         3
 Arcjolt                  Conj/Air       3%         1d13      96%         5
 Death Channel            Necr           1%         N/A       100%        6
 Maxwell's Capacitive Co  Air            1%         ∞         100%        8


Dungeon Overview and Level Annotations

Branches:
Dungeon (5/15) Zot: 2679
 Temple: D:4-7

Altars:

Annotations:
D:4 Menkaure


Innate Abilities, Weirdness & Mutations

You passively map a small area around you.
You are easily found by Zot.
You glow in the dark.
You regain HP and MP as you explore.
You have a pair of small antennae on your head.
You have a somewhat thin skeletal structure. (Dex +2, Stealth+)
Your magical capacity is low. (-10% MP)


Message History

The ufetubus closely misses you. x2
Really quaff the potion of mutation?
You feel extremely strange.
You no longer feel strong-willed.
You no longer feel a hidden potential within.
Your bones become slightly less dense.
An orc comes into view. It is wielding a +0 mace.
The ufetubus barely misses you. The ufetubus misses you. The orc misses you.
The ufetubus hits you but does no damage. x2
You hit the orc.
The orc is almost dead.
The ufetubus completely misses you. The ufetubus barely misses you.
The orc hits you with a +0 club. The ufetubus misses you.
The ufetubus hits you. The orc hits you but does no damage.
You sock the orc!
You kill the orc!
The ufetubus hits you. The ufetubus barely misses you.
The ufetubus hits you but does no damage.
The ufetubus closely misses you. The ufetubus attacks as you move away!
The ufetubus hits you. x2
* * * LOW HITPOINT WARNING * * *
The ufetubus hits you.
* * * LOW HITPOINT WARNING * * *
The ufetubus hits you.
* * * LOW HITPOINT WARNING * * *
Items here: $ ( )) [ †.
The ufetubus attacks as you move away!
The ufetubus hits you but does no damage. x2
The ufetubus hits you.
* * * LOW HITPOINT WARNING * * *
The ufetubus hits you.
* * * LOW HITPOINT WARNING * * *
The ufetubus attacks as you move away! The ufetubus barely misses you.
The ufetubus hits you.
* * * LOW HITPOINT WARNING * * *
The ufetubus closely misses you.
The ufetubus hits you but does no damage.
The ufetubus attacks as you move away! The ufetubus hits you.
You die...

#........# * *
#........# #.#......#
#.##...#.######### *
#
####[..[......#######
, #..##o.O..........
, *
**#..##.####.###### *
.......# #.#
###.o#### #@# .o.., ,
#5# * ,.Jo.. #.#
##o## * #o# * ** #)#
, , , ,* * #g# ,* #o#
.Mo.o.M.# , *
.....####


You could see Menkaure, 2 orcs, an ufetubus and a hobgoblin.

Vanquished Creatures
  2 jellies (D:4)
  2 adders (D:2)
  3 orcs (D:4)
  A goblin (D:2)
  A hobgoblin (D:2)
  2 quokkas (D:4)
  A rat (D:2)
12 creatures vanquished.

Vanquished Creatures (others)
  26 foxfires
26 creatures vanquished.

Grand Total: 38 creatures vanquished

Notes
Turn   | Place    | Note
-------+----------+-------------------------------------------
     0 | D:1      | hawla the Meteoran Fire Elementalist began the quest for
                  | the Orb.
     0 | D:1      | Reached XP level 1. HP: 14/14 MP: 5/5
    51 | D:2      | Reached skill level 4 in Fire Magic
    51 | D:2      | Reached XP level 2. HP: 10/20 MP: 4/6
   135 | D:2      | Reached XP level 3. HP: 26/26 MP: 3/8
   140 | D:3      | Learned a level 2 spell: Scorch
   206 | D:4      | Got Pyxak's Spellbook of Abominable Secrets
   254 | D:4      | Reached skill level 5 in Fire Magic
   254 | D:4      | Reached XP level 4. HP: 29/33 MP: 1/9
   268 | D:5      | Entered Level 5 of the Dungeon
   287 | D:4      | Noticed an ogre
   308 | D:4      | Reached XP level 5. HP: 17/38 MP: 1/11
   309 | D:4      | Gained mutation: You have hidden genetic potential. [potion
                  | of mutation]
   309 | D:4      | Gained mutation: Your magical capacity is low. (-10% MP)
                  | [potion of mutation]
   309 | D:4      | Gained mutation: You have a pair of small antennae on your
                  | head. [potion of mutation]
   309 | D:4      | Gained mutation: You are strong-willed. (Will+) [potion of
                  | mutation]
   309 | D:4      | Noticed Menkaure
   311 | D:4      | Lost mutation: You are strong-willed. (Will+) [potion of
                  | mutation]
   311 | D:4      | Lost mutation: You have hidden genetic potential. [potion
                  | of mutation]
   311 | D:4      | Gained mutation: You have a somewhat thin skeletal
                  | structure. (Dex +2, Stealth+) [potion of mutation]
   320 | D:4      | Slain by an ufetubus

Illustrated notes

Levels and vault maps discovered:
D:1:      minmay_arrival_jagged, layout_rooms, shapermc_ecumenical_altar_gd
D:2:      layout_loops_ring, basic_altar
D:3:      layout_basic, lemuel_crystal_altar, minivault_27, uniq_natasha,
          uniq_terence, uniq_sigmund
D:4:      old_forge, layout_loops_ring, uniq_menkaure
D:5:      layout_rooms, kennysheep_pointless_box, grunt_decor_resistance

Skill      XL: |  1  2  3 |
---------------+----------+-----
Fire Magic     | 4 5 |  5.3
Spellcasting   | 3 |  3.6
Fighting       | |  0.3
Dodging        | |  2.8
Stealth        | |  1.4
Conjurations   | |  1.8

Action                     |  1- 3 |  4- 6 || total
---------------------------+-------+-------++-------
  Melee: Unarmed           |     6 |       ||     6
         Flail             |       |     4 ||     4
   Cast: Foxfire           |    15 |     3 ||    18
         Scorch            |     3 |     6 ||     9
    Use: Potion            |     1 |     3 ||     4
         Scroll            |       |     2 ||     2
 Armour: Robe              |     2 |     9 ||    11
  Dodge: Dodged            |    10 |    25 ||    35
